| TOP OF THE 1ST |
|
University of Minnesota Golden Gophers batting - Pitching for University of Southern California Trojans : LHP Geoff Klaas
|
|
Pitching: LHP Geoff Klaas
|
|
|
Batting: RHB Eric Tesler
|
0-0: Fly out, F9 (Flyball, 89S, EV 85.0 MPH)
|
|
Batting: LHB Yomas Rodriguez
|
0-0: Called Strike 0-1: Fly out, F7 (Flyball, 7S, EV 90.0 MPH)
|
|
Batting: RHB Roberto Rios
|
0-0: Foul Ball, location: 2F 0-1: Ball 1-1: Ball 2-1: Called Strike 2-2: Ball 3-2: Ground out 5-3 (Groundball, 5, EV 87.5 MPH)
|
| Top of the 1st over - 0 runs, 0 hits, 0 errors, 0 left on base; University of Minnesota 0 - University of Southern California 0 |
| BOTTOM OF THE 1ST |
|
University of Southern California Trojans batting - Pitching for University of Minnesota Golden Gophers : RHP Getachew El Sayed
|
|
Pitching: RHP Getachew El Sayed
|
|
|
Batting: RHB Joaquin Salazar
|
0-0: Ball 1-0: Ball 2-0: Ball 3-0: Called Strike 3-1: Ground out 5-3 (Groundball, 5S, EV 69.4 MPH)
|
|
Batting: SHB Rodrigo Mendoza
|
0-0: Ball 1-0: Foul Ball, location: 2F 1-1: Called Strike 1-2: Foul Ball, location: 2F 1-2: Ball 2-2: SOLO HOME RUN (Flyball, 89XD, EV 105.6 MPH), Distance : 418 ft
|
|
Batting: RHB Carlos Livas
|
0-0: SINGLE (Line Drive, 9S, EV 91.3 MPH)
|
|
Batting: LHB Miguel Espinoza
|
0-0: Ball 1-0: Called Strike 1-1: Ball Carlos Livas is caught stealing 2nd base 2-6 2-1: Ground out 6-3 (Groundball, 6, EV 98.8 MPH)
|
| Bottom of the 1st over - 1 run, 2 hits, 0 errors, 0 left on base; University of Minnesota 0 - University of Southern California 1 |
| TOP OF THE 2ND |
|
University of Minnesota Golden Gophers batting - Pitching for University of Southern California Trojans : LHP Geoff Klaas
|
|
Batting: LHB Shohei Nishi
|
0-0: Called Strike 0-1: Ball 1-1: Foul Ball, location: 2F 1-2: Ball 2-2: Ground out 4-3 (Groundball, 4, EV 85.0 MPH)
|
|
Batting: RHB Omar Amaya
|
0-0: Called Strike 0-1: Ball 1-1: Called Strike 1-2: Foul Ball, location: 2F 1-2: Ball 2-2: Ball 3-2: Foul Ball, location: 2F 3-2: DOUBLE (Flyball, 78D, EV 101.3 MPH)
|
|
Batting: RHB Rafael Porter
|
0-0: Called Strike Omar Amaya steals 3rd base 0-1: Ball Wild Pitch! Omar Amaya scores 1-1: Swinging Strike 1-2: Foul Ball, location: 2F 1-2: Ball 2-2: Strikes out swinging
|
|
Batting: RHB Willie Camacho
|
0-0: Called Strike 0-1: Ball 1-1: Ball 2-1: Foul Ball, location: 2F 2-2: Ball 3-2: Fly out, F8 (Line Drive, 8RD, EV 110.0 MPH)
|
| Top of the 2nd over - 1 run, 1 hit, 0 errors, 0 left on base; University of Minnesota 1 - University of Southern California 1 |
| BOTTOM OF THE 2ND |
|
University of Southern California Trojans batting - Pitching for University of Minnesota Golden Gophers : RHP Getachew El Sayed
|
|
Batting: RHB Jon Solis
|
0-0: Ball 1-0: Ball 2-0: Foul Ball, location: 2F 2-1: Foul Ball, location: 2F 2-2: Foul Ball, location: 2F 2-2: Fly out, F7 (Flyball, 78D, EV 103.1 MPH)
|
|
Batting: RHB Jimmy McIntosh
|
0-0: Ball 1-0: Called Strike 1-1: Fly out, F3 (Line Drive, 3, EV 62.5 MPH)
|
|
Batting: LHB Alex Chairez
|
0-0: SINGLE (Groundball, P, EV 88.1 MPH) (infield hit)
|
|
Batting: LHB Kien-lung Zou
|
0-0: Ball 1-0: Called Strike 1-1: Ball Alex Chairez is caught stealing 2nd base 2-6
|
| Bottom of the 2nd over - 0 runs, 1 hit, 0 errors, 0 left on base; University of Minnesota 1 - University of Southern California 1 |
| TOP OF THE 3RD |
|
University of Minnesota Golden Gophers batting - Pitching for University of Southern California Trojans : LHP Geoff Klaas
|
|
Batting: RHB Ramiro Vega
|
0-0: Ball 1-0: Ball 2-0: Swinging Strike 2-1: Ball 3-1: Fly out, F8 (Flyball, 78D, EV 82.5 MPH)
|
|
Batting: RHB Benjie Alejandro
|
0-0: Called Strike 0-1: Ground out U3 (Groundball, 34, EV 107.5 MPH)
|
|
Batting: RHB Eric Tesler
|
0-0: Ball 1-0: Ball 2-0: Called Strike 2-1: Ball 3-1: Foul Ball, location: 2F 3-2: Foul Ball, location: 2F 3-2: Strikes out swinging
|
| Top of the 3rd over - 0 runs, 0 hits, 0 errors, 0 left on base; University of Minnesota 1 - University of Southern California 1 |
| BOTTOM OF THE 3RD |
|
University of Southern California Trojans batting - Pitching for University of Minnesota Golden Gophers : RHP Getachew El Sayed
|
|
Batting: LHB Kien-lung Zou
|
0-0: Ball 1-0: Foul Ball, location: 2F 1-1: Ball 2-1: SINGLE (Line Drive, 8RS, EV 103.8 MPH)
|
|
Batting: RHB Luis Cruz
|
0-0: DOUBLE (Line Drive, 89XD, EV 108.8 MPH) Kien-lung Zou to third
|
|
Batting: RHB Joaquin Salazar
|
0-0: Ball 1-0: Swinging Strike 1-1: Foul Ball, location: 2F 1-2: Strikes out swinging
|
|
Batting: SHB Rodrigo Mendoza
|
0-0: Called Strike 0-1: Called Strike 0-2: Foul Ball, location: 2F 0-2: 3-RUN HOME RUN (Flyball, 9D, EV 100.0 MPH), Distance : 368 ft
|
|
Batting: RHB Carlos Livas
|
0-0: Ball 1-0: Swinging Strike 1-1: Ball 2-1: Foul Ball, location: 2F 2-2: Ball 3-2: Base on Balls
|
|
Batting: LHB Miguel Espinoza
|
0-0: Fielders Choice at 2nd, 6-4 (Groundball, 6, EV 82.5 MPH)
|
|
Batting: RHB Jon Solis
|
0-0: Ball 1-0: Ball 2-0: Ball 3-0: Swinging Strike 3-1: Called Strike 3-2: Base on Balls Miguel Espinoza to second
|
|
Batting: RHB Jimmy McIntosh
|
0-0: Ground out 3-1 (Groundball, 34S, EV 83.8 MPH)
|
| Bottom of the 3rd over - 3 runs, 3 hits, 0 errors, 2 left on base; University of Minnesota 1 - University of Southern California 4 |
| TOP OF THE 4TH |
|
University of Minnesota Golden Gophers batting - Pitching for University of Southern California Trojans : LHP Geoff Klaas
|
|
Batting: LHB Yomas Rodriguez
|
0-0: Ball 1-0: Ball 2-0: Ground out 1-3 (Groundball, 15S, EV 70.0 MPH)
|
|
Batting: RHB Roberto Rios
|
0-0: TRIPLE (Line Drive, 89XD, EV 112.5 MPH)
|
|
Batting: LHB Shohei Nishi
|
0-0: Ball 1-0: Ball 2-0: Ball 3-0: Base on Balls
|
|
Batting: RHB Omar Amaya
|
0-0: Foul Ball, location: 2F 0-1: Ball 1-1: Ball Shohei Nishi is caught stealing 2nd base 2-4 2-1: Ball 3-1: Called Strike Steal of home, Roberto Rios is safe 3-2: Foul Ball, location: 2F 3-2: Ground out 5-3 (Groundball, 5L, EV 80.6 MPH)
|
| Top of the 4th over - 1 run, 1 hit, 0 errors, 0 left on base; University of Minnesota 2 - University of Southern California 4 |
| BOTTOM OF THE 4TH |
|
University of Southern California Trojans batting - Pitching for University of Minnesota Golden Gophers : RHP Getachew El Sayed
|
|
Batting: LHB Alex Chairez
|
0-0: Ball 1-0: Ball 2-0: Called Strike 2-1: DOUBLE (Flyball, 89D, EV 111.9 MPH)
|
|
Batting: LHB Kien-lung Zou
|
0-0: Ball 1-0: Ball 2-0: Foul Ball, location: 2F 2-1: Ball 3-1: Base on Balls
|
|
Batting: RHB Luis Cruz
|
0-0: Called Strike 0-1: Fielders Choice at 2nd, 5-4 (Groundball, 5, EV 81.9 MPH) Alex Chairez to third
|
|
Batting: RHB Joaquin Salazar
|
0-0: Ball 1-0: Foul Ball, location: 2F 1-1: Ball 2-1: Foul Ball, location: 2F 2-2: Fly out, F7 (Flyball, 7LD, EV 81.3 MPH) Runner from 3rd tags up, SCORES, no throw by LF
|
|
Batting: SHB Rodrigo Mendoza
|
0-0: Called Strike 0-1: Ball 1-1: Fielders Choice at 2nd, 6-4 (Groundball, 6, EV 94.4 MPH)
|
| Bottom of the 4th over - 1 run, 1 hit, 0 errors, 1 left on base; University of Minnesota 2 - University of Southern California 5 |
| TOP OF THE 5TH |
|
University of Minnesota Golden Gophers batting - Pitching for University of Southern California Trojans : LHP Geoff Klaas
|
|
Batting: RHB Rafael Porter
|
0-0: Called Strike 0-1: Ball 1-1: Reached on error, E6 (Groundball, 6, EV 78.8 MPH)
|
|
Batting: RHB Willie Camacho
|
0-0: Ball 1-0: Called Strike 1-1: Ball 2-1: Ball 3-1: Base on Balls Rafael Porter to second
|
|
Batting: RHB Ramiro Vega
|
0-0: Ball 1-0: Foul Ball, location: 2F 1-1: Fielders Choice at 2nd, 6-4 (Groundball, 6, EV 90.6 MPH) Rafael Porter to third
|
|
Batting: RHB Benjie Alejandro
|
0-0: Called Strike 0-1: Ball 1-1: Ball 2-1: Foul Ball, location: 2F 2-2: Grounds into double play, 3-6-3 (Groundball, 34, EV 86.3 MPH)
|
| Top of the 5th over - 0 runs, 0 hits, 1 error, 1 left on base; University of Minnesota 2 - University of Southern California 5 |
| BOTTOM OF THE 5TH |
|
University of Southern California Trojans batting - Pitching for University of Minnesota Golden Gophers : RHP Getachew El Sayed
|
|
Pitching: RHP Matt Jones
|
|
|
Batting: RHB Carlos Livas
|
0-0: Ground out 6-3 (Groundball, 6, EV 99.4 MPH)
|
|
Batting: LHB Miguel Espinoza
|
0-0: Foul Ball, location: 2F 0-1: Ball 1-1: Ball 2-1: Swinging Strike 2-2: Strikes out looking
|
|
Batting: RHB Jon Solis
|
0-0: Ball 1-0: Foul Ball, location: 2F 1-1: Ball 2-1: Ball 3-1: DOUBLE (Line Drive, 89XD, EV 105.0 MPH)
|
|
Batting: RHB Jimmy McIntosh
|
0-0: Foul Ball, location: 2F 0-1: Swinging Strike 0-2: Ball Wild Pitch! Jon Solis to third 1-2: Foul Ball, location: 2F 1-2: Foul Ball, location: 2F 1-2: Fly out, F8 (Flyball, 8LD, EV 90.0 MPH)
|
| Bottom of the 5th over - 0 runs, 1 hit, 0 errors, 1 left on base; University of Minnesota 2 - University of Southern California 5 |
| TOP OF THE 6TH |
|
University of Minnesota Golden Gophers batting - Pitching for University of Southern California Trojans : LHP Geoff Klaas
|
|
Pitching: LHP Rafael Lozano
|
|
|
Batting: RHB Eric Tesler
|
0-0: Called Strike 0-1: Ball 1-1: Swinging Strike 1-2: Ball 2-2: Ball 3-2: Foul Ball, location: 2F 3-2: Base on Balls
|
|
Batting: LHB Yomas Rodriguez
|
0-0: Called Strike 0-1: Called Strike 0-2: Ball 1-2: Ball 2-2: Strikes out looking
|
|
Batting: RHB Roberto Rios
|
0-0: Fly out, F8 (Line Drive, 8LD, EV 87.5 MPH)
|
|
Batting: LHB Shohei Nishi
|
0-0: Swinging Strike 0-1: Swinging Strike 0-2: Ball 1-2: Ball 2-2: Foul Ball, location: 2F 2-2: Strikes out swinging
|
| Top of the 6th over - 0 runs, 0 hits, 0 errors, 1 left on base; University of Minnesota 2 - University of Southern California 5 |
| BOTTOM OF THE 6TH |
|
University of Southern California Trojans batting - Pitching for University of Minnesota Golden Gophers : RHP Matt Jones
|
|
Batting: LHB Alex Chairez
|
0-0: Called Strike 0-1: Ground out 4-3 (Groundball, 4, EV 78.8 MPH)
|
|
Batting: LHB Kien-lung Zou
|
0-0: Fly out, F9 (Flyball, 9D, EV 94.4 MPH)
|
|
Batting: RHB Luis Cruz
|
0-0: Ground out 5-3 (Groundball, 56, EV 87.5 MPH)
|
| Bottom of the 6th over - 0 runs, 0 hits, 0 errors, 0 left on base; University of Minnesota 2 - University of Southern California 5 |
| TOP OF THE 7TH |
|
University of Minnesota Golden Gophers batting - Pitching for University of Southern California Trojans : LHP Rafael Lozano
|
|
Pitching: RHP Eddie Magallanes
|
|
|
Batting: RHB Omar Amaya
|
0-0: Ball 1-0: Ball 2-0: Ball 3-0: Called Strike 3-1: Foul Ball, location: 2F 3-2: Base on Balls
|
|
Batting: RHB Rafael Porter
|
0-0: SINGLE (Line Drive, 7LM, EV 99.4 MPH) Omar Amaya to second
|
|
Pinch Hitting: RHB Luis Monita
|
0-0: Bunt missed! 0-1: Ball 1-1: Bunt missed! 1-2: Ball 2-2: Ball 3-2: Foul Ball, location: 2F 3-2: Base on Balls Omar Amaya to third Rafael Porter to second
|
|
Pinch Hitting: LHB Dean Bloemendal
|
0-0: Ball 1-0: SINGLE (Flyball, 8LS, EV 98.8 MPH) Omar Amaya scores Rafael Porter to third Luis Monita to second Runner from 3rd tries for Home, throw by CF and OUT! 8-2
|
|
Pinch Hitting: RHB Fernando Sosa
|
0-0: Ball 1-0: Fielders Choice at 2nd, 3-6 (Groundball, 34, EV 86.9 MPH) Luis Monita to third
|
|
Pinch Hitting: RHB Rodolfo Cosme
|
0-0: Ball 1-0: Ball 2-0: Ball 3-0: Called Strike 3-1: Called Strike 3-2: Foul Ball, location: 2F 3-2: SINGLE (Groundball, 13S, EV 67.5 MPH) (infield hit) Luis Monita scores Fernando Sosa to second
|
|
Batting: LHB Yomas Rodriguez
|
0-0: SINGLE (Line Drive, 78S, EV 91.9 MPH) Fernando Sosa to third Rodolfo Cosme to second Runner from 3rd tries for Home, SAFE, throw by LF to home
|
|
Batting: RHB Roberto Rios
|
0-0: Ball 1-0: Swinging Strike 1-1: Ball 2-1: Foul Ball, location: 2F 2-2: Foul Ball, location: 2F 2-2: Ball 3-2: Foul Ball, location: 2F 3-2: Foul Ball, location: 2F 3-2: Hit by Pitch Rodolfo Cosme to third Yomas Rodriguez to second
|
|
Pitching: LHP Logan Stewart
|
|
|
Pinch Hitting: SHB Willie Balderas
|
0-0: Ball 1-0: Fly out, F6 (Popup, 6, EV 63.8 MPH)
|
| Top of the 7th over - 3 runs, 4 hits, 0 errors, 3 left on base; University of Minnesota 5 - University of Southern California 5 |
| BOTTOM OF THE 7TH |
|
University of Southern California Trojans batting - Pitching for University of Minnesota Golden Gophers : RHP Matt Jones
|
|
Now at 1B: David Gomez
|
|
|
Now at 3B: Rodolfo Cosme
|
|
|
Now at SS: Fernando Sosa
|
|
|
Now in LF: J.T. Ready
|
|
|
Now in RF: Archer McDowell
|
|
|
Pinch Hitting: LHB Armando Arellano
|
0-0: Ball 1-0: Called Strike 1-1: Swinging Strike 1-2: Ball 2-2: Ball 3-2: DOUBLE (Line Drive, 78M, EV 110.0 MPH)
|
|
Batting: SHB Rodrigo Mendoza
|
0-0: Intentional Walk
|
|
Pinch Hitting: LHB Brandon Homol
|
0-0: Ball 1-0: Called Strike 1-1: Ball 2-1: Foul Ball, location: 2F 2-2: Foul Ball, location: 2F 2-2: Fielders Choice at 2nd, 5-4 (Groundball, 56, EV 106.3 MPH) Armando Arellano to third
|
|
Batting: LHB Miguel Espinoza
|
0-0: Ball 1-0: Ball 2-0: Called Strike 2-1: Ball 3-1: Base on Balls Brandon Homol to second
|
|
Batting: RHB Jon Solis
|
0-0: Ball 1-0: Called Strike 1-1: Foul Ball, location: 2F 1-2: Grounds into fielders choice 1-2 (Groundball, 15S, EV 72.5 MPH) Brandon Homol to third Miguel Espinoza to second
|
|
Batting: RHB Jimmy McIntosh
|
0-0: Ball 1-0: Swinging Strike 1-1: Swinging Strike 1-2: Strikes out looking
|
| Bottom of the 7th over - 0 runs, 1 hit, 0 errors, 3 left on base; University of Minnesota 5 - University of Southern California 5 |
| TOP OF THE 8TH |
|
University of Minnesota Golden Gophers batting - Pitching for University of Southern California Trojans : LHP Logan Stewart
|
|
Now at 1B: Carlos Gonzalez
|
|
|
Now in CF: Brandon Homol
|
|
|
Batting: RHB Omar Amaya
|
0-0: Ground out 5-3 (Groundball, 5L, EV 85.6 MPH)
|
|
Batting: RHB Rafael Porter
|
0-0: Ball 1-0: DOUBLE (Flyball, 8RXD, EV 108.1 MPH)
|
|
Batting: RHB Archer McDowell
|
0-0: Intentional Walk
|
|
Batting: RHB David Gomez
|
0-0: Foul Ball, location: 2F 0-1: SINGLE (Groundball, 6MD, EV 103.1 MPH) Rafael Porter to third Archer McDowell to second Runner from 3rd tries for Home, SAFE, throw by CF to home
|
|
Batting: RHB Fernando Sosa
|
0-0: Ball 1-0: Foul Ball, location: 2F 1-1: Ball 2-1: Fielders Choice at 2nd, 3-6 (Groundball, 34S, EV 81.9 MPH) Archer McDowell to third
|
|
Batting: RHB Rodolfo Cosme
|
0-0: Ball 1-0: Ground out 4-3 (Groundball, 4, EV 90.6 MPH)
|
| Top of the 8th over - 1 run, 2 hits, 0 errors, 2 left on base; University of Minnesota 6 - University of Southern California 5 |
| BOTTOM OF THE 8TH |
|
University of Southern California Trojans batting - Pitching for University of Minnesota Golden Gophers : RHP Matt Jones
|
|
Pitching: LHP James Reynolds
|
|
|
Pinch Hitting: RHB Arturo Galdamez
|
0-0: Ball 1-0: Ball 2-0: Ball 3-0: Called Strike 3-1: Base on Balls
|
|
Pinch Hitting: LHB Beau Aderson
|
0-0: Called Strike 0-1: Ball 1-1: Foul Ball, location: 2F 1-2: Reached on error, E3 (Groundball, 3, EV 96.3 MPH) Arturo Galdamez to second
|
|
Batting: RHB Luis Cruz
|
0-0: Fly out, F3 (Popup, 23F, EV 95.6 MPH)
|
|
Batting: RHB Carlos Gonzalez
|
0-0: Swinging Strike 0-1: Called Strike 0-2: Foul Ball, location: 2F 0-2: Fly out, F7 (Flyball, 78M, EV 81.9 MPH)
|
|
Batting: SHB Rodrigo Mendoza
|
0-0: Swinging Strike 0-1: Foul Ball, location: 2F 0-2: Ball 1-2: Foul Ball, location: 2F 1-2: Fly out, F8 (Flyball, 89M, EV 95.0 MPH)
|
| Bottom of the 8th over - 0 runs, 0 hits, 1 error, 2 left on base; University of Minnesota 6 - University of Southern California 5 |
| TOP OF THE 9TH |
|
University of Minnesota Golden Gophers batting - Pitching for University of Southern California Trojans : LHP Logan Stewart
|
|
Pitching: RHP Chris Worster
|
|
|
Now at SS: Beau Aderson
|
|
|
Now in LF: Arturo Galdamez
|
|
|
Batting: LHB Yomas Rodriguez
|
0-0: SINGLE (Groundball, 6MD, EV 102.5 MPH)
|
|
Batting: RHB Roberto Rios
|
0-0: Ball Yomas Rodriguez steals 2nd base (no throw) 1-0: Intentional Walk
|
|
Batting: SHB J.T. Ready
|
0-0: Ball 1-0: Called Strike 1-1: Swinging Strike 1-2: Strikes out swinging
|
|
Batting: RHB Omar Amaya
|
0-0: Foul Ball, location: 2F 0-1: Ball 1-1: Ball 2-1: Ball 3-1: Called Strike 3-2: Fielders Choice at 2nd, 6-4 (Groundball, 6, EV 85.6 MPH) Yomas Rodriguez to third
|
|
Batting: SHB Mike Garvey
|
0-0: Ball Wild Pitch! Yomas Rodriguez scores Omar Amaya to second 1-0: Ball 2-0: Ground out 5-3 (Groundball, 56, EV 76.3 MPH)
|
| Top of the 9th over - 1 run, 1 hit, 0 errors, 1 left on base; University of Minnesota 7 - University of Southern California 5 |
| BOTTOM OF THE 9TH |
|
University of Southern California Trojans batting - Pitching for University of Minnesota Golden Gophers : LHP James Reynolds
|
|
Pitching: LHP Sueo Iba
|
|
|
Batting: LHB Brandon Homol
|
0-0: Called Strike 0-1: SOLO HOME RUN (Flyball, 9D, EV 96.9 MPH), Distance : 374 ft
|
|
Batting: LHB Miguel Espinoza
|
0-0: Called Strike 0-1: Ball 1-1: Swinging Strike 1-2: Foul Ball, location: 2F 1-2: Ball 2-2: Strikes out looking
|
|
Batting: RHB Jon Solis
|
0-0: Foul Ball, location: 2F 0-1: Foul Ball, location: 2F 0-2: Ball 1-2: Foul Ball, location: 2F 1-2: Fly out, F8 (Flyball, 8LS, EV 96.3 MPH)
|
|
Batting: RHB Jimmy McIntosh
|
0-0: Foul Ball, location: 2F 0-1: Ball 1-1: Foul Ball, location: 2F 1-2: Strikes out swinging
|
| Bottom of the 9th over - 1 run, 1 hit, 0 errors, 0 left on base; University of Minnesota 7 - University of Southern California 6 |
|